Map: Invader LE

Players

Miszu

  • Race: Terran Terran
  • League: Master

Kas - Winner!

  • Race: Terran Terran
  • League: Grandmaster

VOD

Have the link to the VOD?

Description

Time

  • Played on: April 8, 2016, 1:21 p.m.
  • Length: 6:03
Show
View Real Time Build Order
Export as new Build Order

Miszu Terran 

Build Orders: 1/1/1, Banshee Rush 

Get SALT Encoding   

  12  0:01  SCV  
  13  0:13  SCV  
  14  0:17  Supply Depot  
  14  0:25  SCV  
  15  0:39  SCV  
  15  0:42  Barracks  
  16  0:45  Refinery  
  16  0:51  SCV  
  17  0:58  Refinery  
  17  1:03  SCV  
  18  1:15  SCV  
  19  1:28  SCV  
  19  1:31  Marine  
  21  1:36  Factory  
  21  1:40  Orbital Command  
  21  1:50  Supply Depot  
  21  1:53  Marine  
  22  2:05  SCV  
  23  2:12  Marine  
  24  2:19  Starport  
  24  2:21  Factory Tech Lab  
  24  2:22  SCV  
  25  2:29  Marine  
  25  2:32  Supply Depot  
  25  2:35  SCV  
  26  2:47  Marine, SCV  
  26  2:48  Hellion  
  30  2:59  SCV  
  30  3:01  Cloaking Field  
  30  3:05  Banshee  
  31  3:11  Barracks Reactor  
  31  3:12  SCV  
  35  3:16  Factory Tech Lab  
  35  3:21  Supply Depot  
  35  3:24  SCV  
  36  3:37  Siege Tank  
  39  3:48  Marine x2, Banshee  
  42  3:53  Supply Depot  
  44  4:08  SCV  
  46  4:15  Siege Tank  
  48  4:24  SCV  
  48  4:29  Marine  
  48  4:30  Marine  
  48  4:31  Banshee  
  51  4:44  Command Center  
  51  4:45  SCV  
  52  5:03  Command Center  
  52  5:05  Siege Tank  
  53  5:28  Marine, SCV  
  55  5:36  Marine  
  55  5:43  SCV  
Show
View Real Time Build Order
Export as new Build Order

Kas Terran - Winner!

Build Orders:  

Get SALT Encoding   

  12  0:01  SCV  
  13  0:13  SCV  
  14  0:17  Supply Depot  
  14  0:25  SCV  
  15  0:39  SCV  
  15  0:40  Barracks  
  16  0:43  Refinery  
  16  0:51  SCV  
  17  1:03  SCV  
  18  1:15  SCV  
  19  1:28  Orbital Command  
  19  1:29  Barracks Reactor  
  19  1:40  Command Center  
  19  1:48  Supply Depot  
  19  1:53  SCV  
  20  1:57  Refinery  
  20  2:05  SCV  
  20  2:06  Reaper x2  
  23  2:17  SCV  
  25  2:30  SCV  
  25  2:34  Factory  
  25  2:38  Marine x2  
  25  2:42  SCV  
  28  2:52  Orbital Command  
  28  2:54  SCV  
  28  2:57  Marine x2  
  31  3:06  SCV  
  32  3:15  Marine x2  
  32  3:18  SCV  
  32  3:19  Starport, SCV  
  36  3:20  Factory Tech Lab  
  36  3:28  Supply Depot  
  36  3:30  SCV  
  36  3:31  SCV  
  36  3:32  Marine  
  36  3:33  Marine  
  40  3:39  Cyclone  
  43  3:42  Engineering Bay, SCV  
  43  3:44  Supply Depot  
  43  3:45  SCV  
  45  3:50  Marine  
  45  3:51  Marine  
  45  3:54  SCV  
  48  3:58  Viking  
  48  4:00  SCV  
  51  4:08  SCV  
  52  4:10  Marine x2  
  52  4:11  Siege Tank  
  52  4:12  SCV  
  52  4:15  Missile Turret  
  57  4:21  Missile Turret  
  57  4:24  SCV  
  57  4:26  SCV  
  57  4:29  Marine x2  
  61  4:32  Missile Turret  
  61  4:36  Supply Depot, SCV  
  60  4:40  SCV  
  61  4:48  SCV  
  62  4:55  Factory Tech Lab  
  62  4:57  Marine x2, Raven, SCV  
  62  4:59  Supply Depot x2  
  67  5:04  SCV  
  68  5:13  Refinery  
  68  5:15  Marine x2  
  68  5:20  Siege Tank, SCV  
  74  5:22  Supply Depot  
  74  5:28  Barracks, SCV  
  75  5:29  Barracks  
  75  5:33  SCV  
  76  5:35  Marine x2  
  76  5:42  Supply Depot  
  74  5:50  SCV x2  
Tags
 
Matchup
TvT
Opening
1/1/1
Player
Kas
Race
Terran
Strategy
Banshee Rush
Add a new tag
Caveats
  • Supply blocks, unpowered buildings, or Contaminate may cause inaccurate times.
  • Supply counts are checked every 10 seconds.